 Dungeon Crawl Stone Soup version 0.29-a0-231-g945431f764 (webtiles) character file.

Game seed: 15212079943171644775

1911 tognito the Cleaver (level 8, -6/106 HPs)
             Began as a Minotaur Berserker on Feb 28, 2022.
             Was an Elder of Trog.
             Mangled by an orc warrior
             ... wielding a +0 glaive
              (16 damage)
             ... on level 7 of the Dungeon.
             The game lasted 00:14:38 (6326 turns).

tognito the Cleaver (Minotaur Berserker)            Turns: 6326, Time: 00:14:38

Health: -6/106     AC: 11    Str: 24    XL:     8   Next: 95%
Magic:  7/7        EV: 15    Int:  4    God:    Trog [****..]
Gold:   310        SH:  0    Dex: 16    Spells: 7/7 levels left

rFire   . . .      SeeInvis .   a - +5 battleaxe
rCold   . . .      Faith    .   (shield currently unavailable)
rNeg    . . .      Spirit   .   p - +0 chain mail
rPois   .          Reflect  .   (helmet restricted)
rElec   .          Harm     .   (no cloak)
rCorr   .          Rampage  .   b - +0 pair of gloves
Will    .....                   (no boots)
Stlth   ..........              (no amulet)
HPRegen 0.27/turn               c - +4 ring of evasion
MPRegen 0.10/turn               q - +6 ring of dexterity

@: berserking, very quick
A: horns 2, retaliatory headbutt, talons 1, noise suppression
a: Renounce Religion, Berserk, Trog's Hand, Brothers in Arms


You were on level 7 of the Dungeon.
You worshipped Trog.
Trog was greatly pleased with you.
You visited 1 branch of the dungeon, and saw 7 of its levels.

You collected 310 gold pieces.

Inventory:

Hand Weapons
 a - a +5 battleaxe (weapon)
 A - a +4 hand axe of freezing
Missiles
 h - 2 javelins (quivered)
Armour
 b - a +0 pair of gloves (worn)
 p - a +0 chain mail (worn)
Jewellery
 c - a +4 ring of evasion (left hand)
 e - a ring of resist corrosion
 m - a ring of flight
 q - a +6 ring of dexterity (right hand)
 u - a +4 ring of evasion
 y - a ring of protection from cold
Wands
 t - a wand of digging (2)
 v - a wand of mindburst (13)
Scrolls
 d - 2 scrolls of vulnerability {unknown}
 f - a scroll of noise {unknown}
 g - a scroll of identify {unknown}
 i - a scroll of fear {unknown}
 j - 3 scrolls of teleportation {unknown}
 n - 2 scrolls of blinking {unknown}
 o - a scroll of enchant weapon {unknown}
 s - a scroll of brand weapon {unknown}
 w - a scroll of magic mapping {unknown}
 x - 2 scrolls of enchant armour {unknown}
 z - a scroll of holy word {unknown}
 B - a scroll of summoning {unknown}
Potions
 k - 2 potions of curing
 l - a potion of invisibility
 r - 3 potions of might


   Skills:
 + Level 6.7 Fighting
 * Level 9.0 Axes
 + Level 4.5 Throwing
 + Level 6.0 Armour
 + Level 5.5 Dodging


You had 7 spell levels left.
You didn't know any spells.
Your spell library was empty.

Dungeon Overview and Level Annotations

Branches:
Dungeon (7/15)             Temple (0/1) D:5

Altars:

Annotations:
D:6 2 transporters, Anon1729's ghost, novice DrMo


Innate Abilities, Weirdness & Mutations

You have a pair of horns on your head.
You reflexively headbutt those who attack you in melee.
You have sharp toenails.
You passively dampen the noise of your surroundings.


Message History

You claw the orc priest.
You kill the orc priest!
Trog accepts your kill.
You slash the orc!
You kill the orc!
Trog accepts your kill.
You slash the ice beast!
The orc warrior hits you from afar with a +0 glaive.
The ice beast closely misses you. You furiously retaliate!
You headbutt the ice beast, but do no damage.
The orc warrior misses you.
Things that are here:
a +0 dagger; a +0 club; an orc corpse You closely miss the orc warrior.
Your kick misses the orc warrior. Your headbutt misses the orc warrior.
You hit the ice beast. The ice beast barely misses you.
The orc warrior closely misses you.
You hit the orc warrior.
The orc warrior is lightly wounded.
You hit the ice beast but do no damage. The ice beast hits you.
The ice beast freezes you!
The orc warrior hits you with a +0 glaive!
You slash the orc warrior! Your kick misses the orc warrior.
The orc warrior is severely wounded.
You barely miss the ice beast.
The ice beast hits you but does no damage.
The orc warrior barely misses you. The ice beast hits you.
The ice beast freezes you! The orc warrior barely misses you.
You slash the orc warrior! You headbutt the orc warrior.
The orc warrior is almost dead.
You barely miss the ice beast. The ice beast completely misses you.
You furiously retaliate!
You headbutt the ice beast!
You kill the ice beast!
Trog accepts your kill.
The orc warrior hits you with a +0 glaive!!
* * * LOW HITPOINT WARNING * * *
Your Axes skill increases to level 9!
Your Armour skill increases to level 6!
A red film seems to cover your vision as you go berserk!
You feel yourself moving faster!
You feel mighty!
The orc warrior hits you with a +0 glaive!
You die...

##### #### #.... #...
.....###... #####.....)#
#######.###....#...###
.. ...........###....###
#..##...###........#...#
.......o....####.#####†.
.<.....@#####....# ##.
#.##.##)......#### ##
##..##### # ##.# #..
#... #.#.. ..#### ## ###
..


You could see an orc warrior.

Vanquished Creatures
  An acid dragon (D:5)
  An ice beast (D:7)
  A black bear (D:6)
  An orc warrior (D:6)
  2 ogres
  2 bullfrogs
  A necrophage (D:6)
  4 scorpions
  6 wights
  A howler monkey (D:5)
  2 hounds
  A jelly (D:6)
  6 orc priests
  An iguana (D:6)
  3 orc wizards
  11 adders
  A white imp (D:4)
  An ufetubus (D:6)
  4 worms
  A dart slug (D:1)
  15 orcs
  9 ball pythons
  4 bats
  3 endoplasms
  3 giant cockroaches
  4 goblins
  8 hobgoblins
  5 jackals (D:2)
  5 quokkas
  5 frilled lizards
  7 kobolds
  7 rats
  A bush (D:1)
127 creatures vanquished.

Vanquished Creatures (others)
  A plant (D:1)
1 creature vanquished.

Grand Total: 128 creatures vanquished

Notes
Turn   | Place    | Note
-------+----------+-------------------------------------------
     0 | D:1      | tognito the Minotaur Berserker began the quest for the Orb.
     0 | D:1      | Reached XP level 1. HP: 19/19 MP: 0/0
   161 | D:1      | Reached XP level 2. HP: 27/27 MP: 1/1
   326 | D:1      | Reached skill level 4 in Axes
   669 | D:1      | You fall into a shaft and drop 1 floor!
   677 | D:2      | Reached XP level 3. HP: 26/33 MP: 2/2
   777 | D:2      | Reached ** piety under Trog
   899 | D:2      | Reached skill level 1 in Throwing
  1927 | D:2      | Reached XP level 4. HP: 40/40 MP: 3/3
  2481 | D:3      | Reached skill level 5 in Axes
  2915 | D:4      | Reached XP level 5. HP: 46/46 MP: 4/4
  2972 | D:4      | Reached *** piety under Trog
  3062 | D:4      | Noticed an ogre
  3065 | D:4      | Killed an ogre
  3112 | D:4      | Reached XP level 6. HP: 53/53 MP: 5/5
  3662 | D:5      | Entered Level 5 of the Dungeon
  3667 | D:5      | Reached skill level 6 in Axes
  3672 | D:5      | Reached skill level 5 in Fighting
  3741 | D:5      | Found a staircase to the Ecumenical Temple.
  3772 | D:5      | Reached XP level 7. HP: 61/61 MP: 6/6
  4208 | D:5      | Reached skill level 7 in Axes
  5077 | D:6      | Gained mutation: You passively dampen the noise of your
                  | surroundings. [potion of mutation]
  5077 | D:6      | Gained mutation: You have sharp toenails. [potion of
                  | mutation]
  5161 | D:6      | Found a transporter.
  5162 | D:6      | Found a transporter.
  5166 | D:6      | Noticed a cyan ugly thing
  5174 | D:6      | Noticed Anon1729's ghost (novice DrMo)
  5569 | D:6      | Reached skill level 5 in Armour
  5569 | D:6      | Reached XP level 8. HP: 70/70 MP: 7/7
  5669 | D:6      | Reached skill level 8 in Axes
  5712 | D:6      | Reached skill level 5 in Dodging
  5837 | D:6      | Reached **** piety under Trog
  6326 | D:7      | Reached skill level 9 in Axes
  6326 | D:7      | Mangled by an orc warrior

Illustrated notes

Levels and vault maps discovered:
D:1:      scummos_arrival_simple_fountains, layout_basic, serial_aquarium,
          aquarium_bridge_long_joined [aquarium_subvault_bridge,
          aquarium_subvault_wall, aquarium_subvault_balcony,
          aquarium_subvault_balcony, aquarium_subvault_wall,
          aquarium_subvault_bridge], aquarium_window_2, aquarium_window_1,
          aquarium_window_1, aquarium_view_2d, aquarium_view_2c,
          aquarium_balcony_1b, serial_bayou_lagoon_a, minmay_statues_item
D:2:      layout_basic
D:3:      layout_basic
D:4:      layout_basic
D:5:      layout_basic, minmay_temple_entry_tees
D:6:      layout_loops_ring, gammafunk_ghost_abyssal_escape,
          supply_closet_lemuel
D:7:      layout_rooms, enter_bailey_3, minmay_misc_feat_ornament,
          serial_park_tiny_pond, grunt_decor_junction

Skill      XL: |  1  2  3  4  5  6  7  8 |
---------------+-------------------------+-----
Axes           | 4 5 6 7 9 |  9.0
Fighting       | 4 5 6 |  6.7
Throwing       | 1 2 3 4 |  4.5
Armour         | 3 4 5 6 |  6.0
Dodging        | 3 4 5 |  5.5

Action                   |  1- 3 |  4- 6 |  7- 9 || total
-------------------------+-------+-------+-------++-------
Melee: Hand axe          |    53 |       |       ||    53
       Headbutt          |     8 |     5 |    16 ||    29
       War axe           |     2 |    70 |    66 ||   138
       Punch             |     1 |       |     1 ||     2
       Kick              |       |       |     7 ||     7
       Battleaxe         |       |       |    26 ||    26
Throw: Boomerang         |    61 |    66 |    18 ||   145
       Javelin           |       |     1 |    24 ||    25
       Throwing net      |       |       |     1 ||     1
Invok: Berserk           |       |     1 |     2 ||     3
Evoke: Wand              |       |       |     3 ||     3
  Use: Potion            |     5 |     1 |     6 ||    12
Armor: Animal skin       |    10 |       |       ||    10
       Chain mail        |       |    24 |    19 ||    43
       Ring mail         |       |     4 |       ||     4
Dodge: Dodged            |    30 |    35 |    45 ||   110

Table legend: (Time is in decaauts)
 A = Elapsed time spent in this place.
 B = Non-inter-level travel time spent in this place.
 C = Inter-level travel time spent in this place.
 D = Time resting spent in this place.
 E = Time spent auto-exploring this place.
 F = Levels seen in this place.
 G = Mean time per level.
                   A        B        C        D        E       F      G
               +--------+--------+--------+--------+--------+-----+--------+
         Total |   6408 |   6028 |    380 |      4 |   5055 |   7 |  915.4 |
       Dungeon |   6408 |   6028 |    380 |      4 |   5055 |   7 |  915.4 |
               +--------+--------+--------+--------+--------+-----+--------+

Top non-repeatable levels by time:
     D:1: 1335 daAuts
     D:6: 1171 daAuts
     D:5: 1090 daAuts
     D:3: 965 daAuts
     D:2: 920 daAuts
     D:4: 833 daAuts
     D:7: 93 daAuts
